 Dungeon Crawl Stone Soup version 0.23.0 (webtiles) character file.

Game seed: 7686301152750357598

2 LostNumber the Skirmisher (level 1, 0/18 HPs)
             Began as a Demonspawn Abyssal Knight on Feb 10, 2019.
             Was an Initiate of Lugonu.
             Slain by an adder (3 damage)
             ... on level 2 of the Dungeon.
             The game lasted 00:01:10 (144 turns).

LostNumber the Skirmisher (DsAK)                     Turns: 144, Time: 00:01:10

Health: 0/18       AC:  3    Str: 12    XL:     1   Next: 25%
Magic:  2/2        EV: 10    Int: 13    God:    Lugonu [......]
Gold:   0          SH:  5    Dex: 12    Spells: 0/0 levels left

rFire    . . .     SeeInvis .   a - +1 hand axe
rCold    . . .     Gourm    .   c - +2 buckler
rNeg     . . .     Faith    .   b - +0 leather armour
rPois    .         Spirit   .   (no helmet)
rElec    .         Reflect  .   (no cloak)
rCorr    .         Harm     .   (no gloves)
MR       .....                  (no boots)
Stlth    +.........             (no amulet)
HPRegen  0.06/turn              (no ring)
MPRegen  0.08/turn              (no ring)

@: lethally poisoned (0 -> -8)
A: no striking features
a: Renounce Religion


You were on level 2 of the Dungeon.
You worshipped Lugonu.
Lugonu was noncommittal.
You were not hungry.

You visited 1 branch of the dungeon, and saw 2 of its levels.
You visited the Abyss 1 time.

Inventory:

Hand Weapons
 a - a +1 hand axe (weapon)
Armour
 b - a +0 leather armour (worn)
 c - a +2 buckler (worn)
   (You found it on level 1 of the Abyss)
Potions
 d - a potion of curing {unknown}
Comestibles
 e - a ration {!d}


   Skills:
 + Level 3.0 Fighting
 - Level 1.8 Axes
 - Level 1.7 Armour
 - Level 0.8 Dodging
 + Level 0.1 Shields
 + Level 2.4 Invocations


You couldn't memorise any spells.
You didn't know any spells.
Your spell library was empty.

Dungeon Overview and Level Annotations

Branches:
Dungeon (2/15)

Altars:


Message History

No target in view!
You open the large door.
There is a large open door here.
There is a large open door here.
You open the door.
Found an escape hatch in the floor.
There is an open door here.
You open the door.
There is an open door here.
As you open the large door, it creaks loudly!
You hear a shout! x2
Found 13 gold pieces and 2 yellow potions.
There is a large open door here.
A gnoll comes into view. It is wielding a +1 spear of venom.
There is a large open door here.
There is a large open door here.
A kobold comes into view.
The kobold throws a stone.
The stone barely misses you.
You see here a stone.
There is an open door here.
There is an escape hatch in the floor here.
You aren't carrying any items that you can evoke.
Unknown command.
Really go through this one-way escape hatch?
You slide downwards.
The hatch slams shut behind you.
A frilled lizard, an adder, a rat and a kobold come into view.
The kobold shouts!
Found 3 scrolls labeled NAX OREHOQOUQ, a dagger and 18 arrows.
Found a stone staircase leading up.
Unknown command.
You see here a scroll labeled NAX OREHOQOUQ.
Okay, then.
You hit the adder. You closely miss the kobold. The adder bites you.
The kobold hits you with a +0 short sword.
You barely miss the adder. You barely miss the kobold.
The adder barely misses you.
The kobold hits you with a +0 short sword.
The adder bites you.
You barely miss the adder. You hit the kobold but do no damage.
The kobold completely misses you. The adder bites you.
* * * LOW HITPOINT WARNING * * *
You miss the adder. You closely miss the frilled lizard.
You barely miss the kobold. The adder bites you.
* * * LOW HITPOINT WARNING * * *
You are lethally poisoned!
The adder poisons you! You block the kobold's attack.
The frilled lizard bites you.
* * * LOW HITPOINT WARNING * * *
The adder bites you.
You die...

#.####.#
##.......
##.......#
#<...)... #
##.......####.#
..............#
#...........+
#..Kl.......#
#..@Sr.?....#
###+###.......#
........#
?.......#
(....#...#
+###.##### ..


You could see an adder, a kobold, a frilled lizard and a rat.

Vanquished Creatures
  A bat zombie (D:1)
  A giant cockroach zombie (D:1)
2 creatures vanquished.

Notes
Turn   | Place    | Note
-------+----------+-------------------------------------------
     0 | Abyss:1  | LostNumber the Demonspawn Abyssal Knight began the quest
                  | for the Orb.
     0 | Abyss:1  | Reached XP level 1. HP: 18/18 MP: 2/2
    74 | Abyss:1  | Noticed a green death
    76 | D:1      | Escaped the Abyss
   144 | D:2      | Slain by an adder

Action                   || total
-------------------------++-------
Melee: Hand axe          ||     8
Invok: Depart the Abyss  ||     1
Armor: Leather armour    ||     2
Dodge: Dodged            ||     5
Block: Buckler           ||     4
